 Dungeon Crawl Stone Soup version 0.31-a0-983-g7b6862f502 (webtiles) character file.

Game seed: 7933024854261735481

95 lunkers the Insei (level 4, -2/34 HPs)
             Began as a Demigod Shapeshifter on Nov 2, 2023.
             Slain by an orc priest
             ... wielding a +0 club
              (3 damage)
             ... on level 3 of the Dungeon.
             The game lasted 00:01:56 (1291 turns).

lunkers the Insei (Demigod Shapeshifter)            Turns: 1291, Time: 00:01:57

Health: -2/34      AC:  5    Str: 15    XL:     4   Next: 17%
Magic:  6/6        EV: 11    Int: 12    God:
Gold:   95         SH:  0    Dex: 17    Spells: 3/3 levels left

rFire   . .          .
                       - Unarmed
rCold   . . .        (no shield)
rNeg    . . .        h - +0 ring mail
rPois   +            (helmet currently unavailable)
rElec   .            (cloak currently unavailable)
rCorr   .            (gloves currently unavailable)
SInv    .            (boots currently unavailable)
Will    .....        (no amulet)
Stlth   +            g - ring of poison resistance
HPRegen 0.25/turn    (no ring)
MPRegen 0.10/turn

%: no passive effects
@: beast-form
A: beast (slay +1), high MP 1, forlorn, divine attributes
a: Begin Untransformation


You were on level 3 of the Dungeon.
You were a hulking beast.
You visited 1 branch of the dungeon, and saw 3 of its levels.

You collected 95 gold pieces.

Inventory:

Armour
 h - a +0 ring mail (worn)
 j - a +2 cloak
 l - a +0 helmet
Jewellery
 g - a ring of poison resistance (left hand)
Talismans
 c - a beast talisman
 d - a flux talisman
Scrolls
 a - a scroll of identify {unknown}
Potions
 b - a potion of lignification
 e - a potion of might {unknown}
 f - a potion of mutation {unknown}
 m - a potion of degeneration {unknown}


   Skills:
 - Level 0.8 Fighting
 - Level 1.7 Dodging
 * Level 4.2 Unarmed Combat
 + Level 3.3 Shapeshifting


You had 3 spell levels left.
You didn't know any spells.
Your spell library contained the following spells:

 Spells                   Type           Power      Damage    Failure   Level
 Kiss of Death            Conj/Necr      0%         2d5       54%         1
 Momentum Strike          Conj/Tloc      0%         3d8       69%         2
 Iskenderun's Mystic Bla  Conj/Tloc      0%         2d3       100%        4
 Irradiate                Conj/Tmut      0%         3d11      100%        5
 Spellforged Servitor     Conj/Summ      0%         N/A       100%        7


Dungeon Overview and Level Annotations

Branches:
Dungeon (3/15)

Annotations:
D:2 1 transporter


Innate Abilities, Weirdness & Mutations

You are a hulking beast.
Your limbs bulge with bestial killing power. (Slay +1)
You have an increased reservoir of magic. (+10% MP)
You shall have no god before yourself.
Your divine heritage dramatically boosts your attributes as you level up.


Message History

You closely miss something. You hit the orc.
The orc is severely wounded.
You barely miss the orc. You punch the orc.
You kill the orc!
The orc priest mumbles some strange prayers to Beogh against you.
Beogh smites you!
Your Unarmed Combat skill increases to level 4!
Something hits you but does no damage.
You hit something but do no damage. Something hits you but does no damage.
You hit something. Something hits you.
You barely miss something. Something hits you but does no damage.
You closely miss something. Something hits you but does no damage.
You closely miss something. Something hits you but does no damage.
You hit something. Something hits you but does no damage.
You barely miss something.
You hear some strange, mumbled words.
A magic dart appears from out of thin air!
The magic dart hits you.
* * * LOW HITPOINT WARNING * * *
You hit something.
Reactivating autopickup.
You feel a bit more experienced.
You have reached level 4!
You hit the orc priest.
The orc priest is lightly wounded.
The orc priest calls down the wrath of Beogh upon you.
Beogh smites you!
* * * LOW HITPOINT WARNING * * *
You hit the orc priest but do no damage.
The orc priest is lightly wounded.
You hit the orc priest but do no damage.
The orc priest is lightly wounded.
The orc priest invokes the aid of Beogh against you.
Pain shoots through your body!
* * * LOW HITPOINT WARNING * * *
You completely miss the orc priest.
The orc priest is lightly wounded.
The orc priest hits you with a +0 club.
You die...

#.#
#.#
#.# #
#.#
#.#.#
#.#.#
#..$#
#h#
#o#
#o#
...
##.##
#..
###


You could see an orc priest and an orc.

Vanquished Creatures
  An orc wizard (D:3)
  Robin (D:2)
  An orc (D:3)
  4 bats (D:1)
  2 endoplasms (D:1)
  2 giant cockroaches
  15 goblins
  10 hobgoblins
  3 quokkas
  3 ball pythons
  2 frilled lizards
  4 kobolds
  2 rats (D:1)
50 creatures vanquished.

Notes
Turn   | Place    | Note
-------+----------+-------------------------------------------
     0 | D:1      | lunkers the Demigod Shapeshifter began the quest for the
                  | Orb.
     0 | D:1      | Reached XP level 1. HP: 15/15 MP: 3/3
   104 | D:1      | Reached skill level 3 in Unarmed Combat
   252 | D:1      | Reached XP level 2. HP: 20/22 MP: 4/4
   627 | D:2      | Identified the "Paifos"
   669 | D:2      | Found a transporter.
   778 | D:2      | Noticed Robin
   789 | D:2      | Reached XP level 3. HP: 27/27 MP: 5/5
   833 | D:2      | Killed Robin
  1279 | D:3      | Reached skill level 4 in Unarmed Combat
  1288 | D:3      | Reached XP level 4. HP: 18/34 MP: 6/6
  1290 | D:3      | HP: 1/34 [orc priest/nerve-wracking pain (8)]
  1291 | D:3      | Slain by an orc priest

Illustrated notes

Levels and vault maps discovered:
D:1:      nicolae_arrival_washed_ashore, layout_basic,
          chequers_ecumenical_altar_island, dk_noncrumbling_3
D:2:      layout_basic, serial_shops, nicolae_shop_drivethru, basic_altar,
          minmay_misc_feat_square, uniq_crazy_yiuf_cottage, uniq_robin
D:3:      layout_basic, jmf_multi_god_temple, serial_undead, serial_undead_e,
          serial_undead_f, serial_undead_b, serial_undead_f, serial_undead_b,
          serial_undead_d, grunt_ministairs_8

Skill      XL: |  1  2  3 |
---------------+----------+-----
Unarmed Combat | 3 4 |  4.2
Shapeshifting  | 3 |  3.3
Fighting       | |  0.8
Dodging        | |  1.7

Action                     |  1- 3 |  4- 6 || total
---------------------------+-------+-------++-------
  Melee: Unarmed           |   149 |     4 ||   153
         Punch             |     5 |       ||     5
    Use: Scroll            |     1 |       ||     1
 Armour: Animal skin       |    18 |       ||    18
         Ring mail         |    63 |     1 ||    64
  Dodge: Dodged            |    75 |       ||    75

Table legend: (Time is in decaauts)
 A = Elapsed time spent in this place.
 B = Non-inter-level travel time spent in this place.
 C = Inter-level travel time spent in this place.
 D = Time resting spent in this place.
 E = Time spent auto-exploring this place.
 F = Levels seen in this place.
 G = Mean time per level.
                   A        B        C        D        E       F      G
               +--------+--------+--------+--------+--------+-----+--------+
         Total |   1283 |   1245 |     38 |      0 |    877 |   3 |  427.7 |
       Dungeon |   1283 |   1245 |     38 |      0 |    877 |   3 |  427.7 |
               +--------+--------+--------+--------+--------+-----+--------+

Top non-repeatable levels by time:
     D:2: 636 daAuts
     D:1: 627 daAuts
     D:3: 19 daAuts
